 Dungeon Crawl Stone Soup version 0.28-a0-1235-g7c8fac35f0 (webtiles) character file.

Game seed: 12871127409346195511

87 pokeman the Magician (level 4, -5/25 HPs)
             Began as a Deep Elf Hedge Wizard on Dec 24, 2021.
             Killed from afar by an orc wizard (9 damage)
             ... with a puff of flame
             ... on level 3 of the Dungeon.
             The game lasted 00:04:10 (2994 turns).

pokeman the Magician (Deep Elf Hedge Wizard)        Turns: 2994, Time: 00:04:11

Health: -5/25      AC:  4    Str:  7    XL:     4   Next: 28%
Magic:  7/13       EV: 12    Int: 21    God:
Gold:   128        SH:  0    Dex: 14    Spells: 1/14 levels left

rFire   . . .      SeeInvis .   d - +0 mace
rCold   . . .      Faith    .   (no shield)
rNeg    . . .      Spirit   .   p - +0 leather armour
rPois   .          Reflect  .   c - +0 hat
rElec   .          Harm     .   (no cloak)
rCorr   .          Rampage  .   m - +0 pair of gloves
Will    .....                   (no boots)
Stlth   ++........              (no amulet)
HPRegen 0.08/turn               (no ring)
MPRegen 0.13/turn               (no ring)

@: very slightly contaminated
A: no striking features
a: no special abilities


You were on level 3 of the Dungeon.
You visited 1 branch of the dungeon, and saw 3 of its levels.

You collected 128 gold pieces.

Inventory:

Hand Weapons
 d - a +0 mace (weapon)
Missiles
 e - 40 arrows
Armour
 c - a +0 hat (worn)
 m - a +0 pair of gloves (worn)
 p - a +0 leather armour (worn)
Wands
 l - a wand of acid (10)
Scrolls
 a - a scroll of blinking {unknown}
 f - 2 scrolls of magic mapping {unknown}
 h - a scroll of teleportation {unknown}
 i - a scroll of identify {unknown}
 j - 2 scrolls of vulnerability {unknown}
 o - a scroll of immolation {unknown}
Potions
 g - a potion of curing {unknown}
 k - a potion of flight {unknown}
 n - a potion of lignification {unknown}


   Skills:
 - Level 1.0 Fighting
 - Level 1.0 Armour
 + Level 2.6 Dodging
 - Level 2.4 Stealth
 * Level 5.6 Spellcasting
 + Level 2.1 Conjurations
 - Level 1.1 Summonings
 - Level 1.1 Translocations
 + Level 0.4 Fire Magic


You had one spell level left.
You knew the following spells:

 Your Spells              Type           Power      Damage    Failure   Level
a - Magic Dart            Conj           60%        1d6       6%          1
b - Mephitic Cloud        Conj/Pois/Air  8%         N/A       32%         3
c - Call Imp              Summ           10%        N/A       14%         2
d - Blink                 Tloc           20%        N/A       14%         2
e - Conjure Flame         Conj/Fire      11%        6-21      26%         3
f - Wereblood             Tmut           5%         N/A       22%         2

Your spell library contained the following spells:

 Spells                   Type           Power      Damage    Failure   Level
 Slow                     Hex            20%        N/A       16%         1
 Ensorcelled Hibernation  Hex/Ice        10%        N/A       22%         2
 Sublimation of Blood     Necr           5%         N/A       22%         2
 Spider Form              Tmut/Pois      5%         N/A       41%         3
 Summon Hydra             Summ           5%         N/A       100%        7


Dungeon Overview and Level Annotations

Branches:
Dungeon (3/15)

Altars:
Qazlal


Message History

Aim: a rat (wandering, hasn't noticed you, 100% to hit)
The magic dart hits the rat.
The rat is moderately wounded.
Casting: Magic Dart (safe; 6% risk of failure)
Confirm with . or Enter, or press ? or * to list all spells.
Aiming: Magic Dart (safe; 6% risk of failure)
Press: ? - help, Shift-Dir - straight line, f/p - rat
Aim: a rat (moderately wounded, 100% to hit)
The magic dart hits the rat.
You kill the rat!
You see here a hobgoblin corpse.
You now have 128 gold pieces (gained 7).
Found a stormy altar of Qazlal.
Found an escape hatch in the floor.
An orc wizard comes into view. It is wielding a +0 dagger.
The orc wizard shouts!
An orc priest comes into view. It is wielding a +0 whip.
An orc and an orc priest come into view.
An orc comes into view. It is wielding a +0 whip.
Casting: Magic Dart (safe; 6% risk of failure)
Confirm with . or Enter, or press ? or * to list all spells.
The spell is extremely dangerous to miscast (32% risk of failure)!
Continue anyway?
Aiming: Mephitic Cloud (extremely dangerous; 32% risk of failure)
Press: ? - help, Shift-Dir - straight line, f - orc wizard
Aim: an orc wizard, wielding a +0 dagger and wearing a +0 robe (chance to affect: 86%)
You miscast Mephitic Cloud.
You are very lightly contaminated with residual magic.
Energy rips through your body!
The orc shouts!
The orc priest shouts!
Casting: Mephitic Cloud (extremely dangerous; 32% risk of failure)
Confirm with . or Enter, or press ? or * to list all spells.
The spell is extremely dangerous to miscast (32% risk of failure)!
Continue anyway?
Aiming: Mephitic Cloud (extremely dangerous; 32% risk of failure)
Press: ? - help, Shift-Dir - straight line, f/p - orc wizard
Aim: an orc wizard, wielding a +0 dagger and wearing a +0 robe (chance to affect: 86%)
You miscast Mephitic Cloud.
There is a short, sharp shower of sparks!
* * * LOW HITPOINT WARNING * * *
The orc wizard casts a spell at you. The puff of flame hits you!
You die...

.#....####..........#
.........##..........#
..≈≈≈≈≈≈.##..........#
+.≈≈≈≈≈≈.##..........#.
..≈≈>?≈≈.##............
..≈≈_.≈≈..#............
..≈≈≈≈≈≈..#.........###
..≈≈≈≈≈≈...............
.oo...o.@##....########
.o#..########### ..o.#
..##


You could see an orc priest, an orc wizard and 2 orcs.

Vanquished Creatures
  Terence (D:2)
  2 adders (D:2)
  5 orcs (D:3)
  A ball python (D:2)
  2 bats
  3 endoplasms
  2 giant cockroaches
  4 goblins
  4 hobgoblins
  2 kobolds
  4 quokkas
  A frilled lizard (D:2)
  5 rats
36 creatures vanquished.

Vanquished Creatures (others)
  5 plants (D:2)
5 creatures vanquished.

Grand Total: 41 creatures vanquished

Notes
Turn   | Place    | Note
-------+----------+-------------------------------------------
     0 | D:1      | pokeman the Deep Elf Hedge Wizard began the quest for the
                  | Orb.
     0 | D:1      | Reached XP level 1. HP: 10/10 MP: 7/7
   757 | D:1      | Reached XP level 2. HP: 15/16 MP: 1/9
  1361 | D:2      | Found a faded altar of an unknown god.
  1485 | D:2      | Reached skill level 5 in Spellcasting
  1601 | D:2      | Reached XP level 3. HP: 20/20 MP: 4/11
  1606 | D:2      | Learned a level 3 spell: Mephitic Cloud
  1609 | D:2      | Learned a level 2 spell: Call Imp
  1612 | D:2      | Learned a level 2 spell: Blink
  1616 | D:2      | Learned a level 3 spell: Conjure Flame
  1795 | D:2      | Noticed Terence
  1801 | D:2      | Killed Terence
  1802 | D:2      | Reached skill level 1 in Fighting
  1802 | D:2      | Reached skill level 1 in Armour
  2187 | D:2      | Reached XP level 4. HP: 18/25 MP: 5/13
  2190 | D:2      | Learned a level 2 spell: Wereblood
  2985 | D:3      | Found a stormy altar of Qazlal.
  2994 | D:3      | Killed from afar by an orc wizard

Illustrated notes

Levels and vault maps discovered:
D:1:      mainiacjoe_arrival_reflecting_pool, layout_loops_ring, grunt_decor_cap
D:2:      layout_loops_corners, serial_forest, infiniplex_forest_straight_2,
          infiniplex_forest_lined_1, infiniplex_forest_straight_1,
          infiniplex_forest_straight_5, infiniplex_forest_straight_3,
          infiniplex_forest_end_3, infiniplex_forest_lined_room_3,
          infiniplex_forest_clump_long, infiniplex_forest_zigzag_1,
          hellmonk_ecumenical_altar_heavens_door, uniq_terence
D:3:      due_chaos_kobolds, layout_basic, general_overflow_altar,
          gammafunk_temple_overflow_arena, nicolae_overflow_hidden_temple,
          uniq_jessica

Skill      XL: |  1  2  3 |
---------------+----------+-----
Spellcasting   | 5 |  5.6
Fighting       | 1 |  1.0
Armour         | 1 |  1.0
Conjurations   | 2 |  2.1
Dodging        | |  2.6
Stealth        | |  2.4
Summonings     | |  1.1
Translocations | |  1.1
Fire Magic     | |  0.4

Action                   |  1- 3 |  4- 6 || total
-------------------------+-------+-------++-------
Melee: Mace              |     3 |     2 ||     5
 Cast: Magic Dart        |    73 |    35 ||   108
       Conjure Flame     |     1 |       ||     1
       Mephitic Cloud    |     1 |       ||     1
Armor: Robe              |     2 |       ||     2
       Leather armour    |       |     1 ||     1
Dodge: Dodged            |    14 |     2 ||    16

Table legend: (Time is in decaauts)
 A = Elapsed time spent in this place.
 B = Non-inter-level travel time spent in this place.
 C = Inter-level travel time spent in this place.
 D = Time resting spent in this place.
 E = Time spent auto-exploring this place.
 F = Levels seen in this place.
 G = Mean time per level.
                   A        B        C        D        E       F      G
               +--------+--------+--------+--------+--------+-----+--------+
         Total |   2995 |   2950 |     45 |    102 |   2587 |   3 |  998.3 |
       Dungeon |   2995 |   2950 |     45 |    102 |   2587 |   3 |  998.3 |
               +--------+--------+--------+--------+--------+-----+--------+

Top non-repeatable levels by time:
     D:2: 1612 daAuts
     D:1: 1007 daAuts
     D:3: 375 daAuts
